 Dungeon Crawl Stone Soup version 0.18-a0-1211-g828307d (webtiles) character file.

459 ololoev the Conjurer (level 6, -2/32 HPs)
             Began as a Deep Elf Fire Elementalist on Feb 2, 2016.
             Shot with an arrow by a centaur (13 damage)
             ... on level 6 of the Dungeon.
             The game lasted 00:11:08 (1619 turns).

ololoev the Conjurer (Deep Elf Fire Elementalist)   Turns: 1619, Time: 00:11:08

Health: -2/32      AC:  5    Str:  5    XL:     6   Next: 78%
Magic:  10/16      EV: 13    Int: 22    God:
Gold:   168        SH:  0    Dex: 15    Spells: 4 memorised, 4 levels left

rFire  . . .     SeeInvis .     h - +0 trident
rCold  . . .     Gourm    .     e - +2 robe {MR+}
rNeg   . . .     Faith    .     (no shield)
rPois  .         Spirit   .     d - +1 hat
rElec  .         Dismiss  .     (no cloak)
rCorr  .         Reflect  .     (no gloves)
SustAt .         Harm     .     (no boots)
MR     +....                    (no amulet)
Stlth  ++........               (no ring)
                                (no ring)

@: about to teleport, somewhat resistant to hostile enchantments, unstealthy
A: no striking features
a: no special abilities

Inventory:

Hand Weapons
 h - a +0 trident (weapon)
Armour
 d - a +1 hat (worn)
 e - a +2 robe of magic resistance (worn)
Scrolls
 k - a scroll of identify {unknown}
 o - a scroll of random uselessness {unknown}
Potions
 g - a potion of curing
 l - a potion of cure mutation {unknown}
Books
 b - a book of Flames

   Spells                             Type                      Level
   a - Flame Tongue                   Conjuration/Fire             1
   b - Throw Flame                    Conjuration/Fire             2
   c - Conjure Flame                  Conjuration/Fire             3
   d - Inner Flame                    Hexes/Fire                   3
   e - Sticky Flame                   Conjuration/Fire             4
   f - Fireball                       Conjuration/Fire             5
Comestibles
 a - 4 fruits
 c - a bread ration
 f - 2 slices of pizza
 j - 2 meat rations
 n - a beef jerky


   Skills:
 - Level 2.4 Dodging
 - Level 2.4 Stealth
 + Level 5.4 Spellcasting
 * Level 5.6 Conjurations
 + Level 5.0 Fire Magic


You had 4 spell levels left.
You knew the following spells:

 Your Spells              Type           Power        Failure   Level  Hunger
a - Flame Tongue          Conj/Fire      ####.        1%          1    None
b - Conjure Flame         Conj/Fire      ####....     3%          3    ##.....
c - Sticky Flame          Conj/Fire      ####....     12%         4    ####...
e - Inner Flame           Hex/Fire       ###.....     12%         3    ##.....


You were on level 6 of the Dungeon.
You were not hungry.

You visited 2 branches of the dungeon, and saw 8 of its levels.

You collected 168 gold pieces.

###
################.#
...[.............#
.###############.#
.# #(# .### #(#
...# #.# ...# #(#
...# #@# ...#
#.........# '###
.. #./.?.....#
.###....
#..c.......
........
#.........#
.#####..
#.........# .#
#.........# .#
#.......... ##

Notes
Turn   | Place    | Note
--------------------------------------------------------------
     0 | D:1      | ololoev the Deep Elf Fire Elementalist began the quest for the Orb.
     0 | D:1      | Reached XP level 1. HP: 10/10 MP: 6/6
   237 | D:4      | Found a staircase to the Ecumenical Temple.
   241 | D:4      | Noticed an orc wizard
   246 | D:4      | Reached XP level 2. HP: 15/15 MP: 6/8
   275 | Temple   | Entered the Ecumenical Temple
   318 | D:4      | Reached XP level 3. HP: 5/19 MP: 1/9
   319 | D:4      | Reached skill level 4 in Fire Magic
   378 | D:5      | Entered Level 5 of the Dungeon
   379 | D:5      | Reached XP level 4. HP: 10/24 MP: 3/11
   387 | D:4      | Learned a level 4 spell: Sticky Flame
   391 | D:4      | Learned a level 3 spell: Inner Flame
   448 | D:4      | Noticed ololoev's ghost (weakling DEFE)
   473 | D:4      | Killed ololoev's ghost
   478 | D:4      | Learned a level 3 spell: Conjure Flame
   567 | D:4      | Found a shadowy altar of Dithmenos.
   582 | D:4      | Noticed an ogre
   602 | D:4      | Reached XP level 5. HP: 28/28 MP: 4/13
   731 | D:3      | Found a snail-covered altar of Cheibriados.
  1106 | D:3      | Found a glowing golden altar of the Shining One.
  1302 | D:5      | Reached XP level 6. HP: 25/32 MP: 6/15
  1376 | D:5      | Reached skill level 5 in Conjurations
  1541 | D:7      | Noticed a hippogriff
  1549 | D:7      | Killed a hippogriff
  1549 | D:7      | Reached skill level 5 in Spellcasting
  1549 | D:7      | Reached skill level 5 in Fire Magic
  1619 | D:6      | Shot with an arrow by a centaur

Dungeon Overview and Level Annotations

Branches:
Dungeon (7/15)             Temple (1/1) D:4

Altars:
Ashenzari
Cheibriados
Dithmenos
Gozag
Makhleb
Okawaru
Pakellas
Qazlal
Ru
Trog
Vehumet
Yredelemnul
Zin
The Shining One


Message History

Unknown command.
Unknown command.
You climb upwards.
There is a stone staircase leading down here.
Okay, then.
Found a scroll labeled USKUTR HERUDYL.
k - a scroll labeled USKUTR HERUDYL As you open the door, it creaks loudly!
There is an open door here.
Found a scale mail.
You see here a scale mail.
Found a scroll labeled MUETOI KUDYURGH and an ivory wand.
A centaur comes into view.
The centaur shouts!
The centaur wields a runed shortbow.
It bursts into flame!
The centaur shoots an arrow.
The arrow hits you. The arrow burns you.
The centaur shoots an arrow.
The arrow hits you! The arrow burns you.
You see here 2 arrows.
Read which item? (? for menu, Esc to quit)
As you read the scroll labeled MUETOI KUDYURGH, it crumbles to dust.
You feel strangely unstable.
It was a scroll of teleportation.
The centaur shoots an arrow.
The arrow closely misses you.
The centaur shoots an arrow.
The arrow barely misses you.
Casting: Flame Tongue
Confirm with . or Enter, or press ? or * to list all spells.
Aiming: Flame Tongue
Press: ? - help, Shift-Dir - straight line, f - centaur
Aim: a centaur, wielding a shortbow of flaming The flame tongue hits the centaur.
The centaur is lightly wounded.
The centaur shoots an arrow.
The arrow barely misses you.
Casting: Flame Tongue
Confirm with . or Enter, or press ? or * to list all spells.
Aiming: Flame Tongue
Press: ? - help, Shift-Dir - straight line, f/p - centaur
Aim: a centaur, wielding a shortbow of flaming (lightly wounded)
The flame tongue hits the centaur.
The centaur is heavily wounded.
The centaur shoots an arrow.
The arrow hits you!
You die...

You could see a centaur.

Vanquished Creatures
  A hippogriff (D:7)
  A scorpion (D:4)
  The ghost of ololoev the Firebug, a weakling DEFE (D:4)
  An orc priest (D:7)
  An iguana (D:5)
  2 orc wizards (D:4)
  A worker ant (D:5)
  8 adders
  An adder zombie (D:5)
  5 giant geckos (D:5)
  7 orcs
  2 giant cockroaches
  5 hobgoblins
  A quokka (D:5)
  4 giant newts
  3 goblins
  A jackal zombie (D:5)
  4 rats
49 creatures vanquished.

Action                   |  1- 3 |  4- 6 || total
-------------------------+-------+-------++-------
Melee: Trident           |       |    74 ||    74
 Cast: Flame Tongue      |    23 |    57 ||    80
       Sticky Flame      |       |     3 ||     3
       Inner Flame       |       |     4 ||     4
       Conjure Flame     |       |     1 ||     1
  Use: Potion            |       |     4 ||     4
       Scroll            |       |     1 ||     1
 Stab: Sleeping          |       |     1 ||     1
  Eat: Chunk             |       |     3 ||     3

Vault maps used:
D:1:      dpeg_arrival_tiny_a
D:2:      old_standard_altar, minivault_27, kennysheep_potato, uniq_natasha
D:3:      cheibriados_altar_wand_db, nicolae_overflow_hidden_temple,
          first_bread, roderic_nine_men_s_morris
D:4:      minmay_temple_entry_junction2, nicolae_dithmenos_shadow_blocks
D:5:      minmay_lizard_king
D:6:      kennysheep_kobold_camp, marbit_many_paths,
          gammafunk_temple_overflow_statue, lemuel_blue_sif_altar
D:7:      corner_web_ring, grunt_ogre_cave
Temple:   circular_temple_12
